 Dungeon Crawl Stone Soup version 0.29-a0-321-gf1c400731a (webtiles) character file.

Game seed: 11252689659769297746

4 sammy202020 the Cudgeller (level 1, 11/20 HPs)
             Began as a Troll Gladiator on Apr 4, 2022.
             Quit the game on level 2 of the Dungeon.
             The game lasted 00:00:32 (86 turns).

sammy202020 the Cudgeller (Troll Gladiator)           Turns: 86, Time: 00:00:32

Health: 11/20      AC:  4    Str: 21    XL:     1   Next: 50%
Magic:  0/0        EV: 10    Int:  4    God:
Gold:   2          SH:  0    Dex: 11    Spells: 0/0 levels left

rFire   . . .      SeeInvis .   a - +0 flail
rCold   . . .      Faith    .   (no shield)
rNeg    . . .      Spirit   .   b - +0 robe
rPois   .          Reflect  .   c - +0 hat
rElec   .          Harm     .   (no cloak)
rCorr   .          Rampage  .   (gloves unavailable)
Will    .....                   (boots unavailable)
Stlth   +.........              (no amulet)
HPRegen 0.86/turn               (no ring)
MPRegen 0.07/turn               (no ring)

@: no status effects
A: large, unfitting armour, claws 3, regeneration 1, shaggy fur 1, tough skin 1
a: no special abilities


You were on level 2 of the Dungeon.
You visited 1 branch of the dungeon, and saw 2 of its levels.

You collected 2 gold pieces.

Inventory:

Hand Weapons
 a - a +0 flail (weapon)
Missiles
 d - 3 throwing nets (quivered)
 e - a large rock
Armour
 b - a +0 robe (worn)
 c - a +0 hat (worn)
Potions
 f - 2 potions of attraction {unknown}
 g - a potion of berserk rage {unknown}


   Skills:
 * Level 1.7 Fighting
 * Level 2.8 Maces & Flails
 - Level 1.7 Throwing
 + Level 2.4 Dodging


You couldn't memorise any spells.
You didn't know any spells.
Your spell library was empty.

Dungeon Overview and Level Annotations

Branches:
Dungeon (2/15)

Altars:


Innate Abilities, Weirdness & Mutations

You are too large for most types of armour.
You have claws for hands.
Your natural rate of healing is unusually fast.
You are covered in fur. (AC +1)
You have tough skin. (AC +1)


Message History

You are poisoned.
The adder poisons you! The adder closely misses you.
You barely miss the adder.
The adder is heavily wounded.
You feel sick. The adder bites you.
You are more poisoned.
The adder poisons you!
You closely miss the adder.
The adder is heavily wounded.
You feel very sick.
The adder bites you but does no damage. x2
You completely miss the adder.
The adder is heavily wounded.
You feel sick. The adder bites you but does no damage.
The frilled lizard bites you but does no damage.
The adder barely misses you.
The frilled lizard hisses.
The frilled lizard closely misses you.
You barely miss the adder.
The adder is heavily wounded.
You feel sick. The adder completely misses you.
The frilled lizard bites you but does no damage.
The adder bites you but does no damage.
You barely miss the adder.
The adder is heavily wounded.
You feel sick. The adder misses you.
The frilled lizard bites you but does no damage.
You barely miss the adder.
The adder is heavily wounded.
You feel sick. The adder barely misses you.
The frilled lizard bites you but does no damage.
The adder bites you.
You closely miss the adder.
The adder is heavily wounded.
You feel sick.
You are no longer poisoned.
The frilled lizard bites you but does no damage.
The adder bites you.
The frilled lizard bites you but does no damage.
Are you sure you want to abandon this character and quit the game? (Confirm with "yes".)

#. .# #. .# #. .#
#.#.# #!?.#
#...#########
#.Sl.........
.####.@#........#
#.........# #..#
#..#####†## #..#
# #.# #..# #.#
#..# #.# #..# #.#
#†.# #.# #..###
#.# ##....#


You could see an adder and a frilled lizard.

Vanquished Creatures
  An endoplasm (D:2)
  A hobgoblin (D:2)
  A bat (D:2)
  A rat (D:2)
4 creatures vanquished.

Notes
Turn   | Place    | Note
-------+----------+-------------------------------------------
     0 | D:1      | sammy202020 the Troll Gladiator began the quest for the
                  | Orb.
     0 | D:1      | Reached XP level 1. HP: 19/19 MP: 0/0
    27 | D:1      | You fall into a shaft and drop 1 floor!
    86 | D:2      | Quit the game

Illustrated notes

Levels and vault maps discovered:
D:1:      nzn_arrival_water_spiral, layout_basic, serial_shops,
          nicolae_shop_trees, dreamdust_ecumenical_altar_grove
D:2:      layout_loops_ring

Action                   || total
-------------------------++-------
Melee: Flail             ||    23
Armor: Robe              ||    21
Dodge: Dodged            ||    22

Table legend: (Time is in decaauts)
 A = Elapsed time spent in this place.
 B = Non-inter-level travel time spent in this place.
 C = Inter-level travel time spent in this place.
 D = Time resting spent in this place.
 E = Time spent auto-exploring this place.
 F = Levels seen in this place.
 G = Mean time per level.
                   A        B        C        D        E       F      G
               +--------+--------+--------+--------+--------+-----+--------+
         Total |     91 |     91 |      0 |      0 |     42 |   2 |   45.5 |
       Dungeon |     91 |     91 |      0 |      0 |     42 |   2 |   45.5 |
               +--------+--------+--------+--------+--------+-----+--------+

Top non-repeatable levels by time:
     D:2: 64 daAuts
     D:1: 27 daAuts
